Map: Dusk Towers

Players

lesha - Winner!

  • Race: Terran Terran
  • League: Silver

pepe

  • Race: Protoss Protoss
  • League: Gold

VOD

Have the link to the VOD?

Description

Time

  • Played on: Dec. 10, 2015, 11:17 a.m.
  • Length: 12:42
Show
View Real Time Build Order
Export as new Build Order

lesha Terran - Winner!

Build Orders:  

Get SALT Encoding   

  12  0:01  SCV  
  13  0:13  SCV  
  14  0:19  Supply Depot  
  14  0:25  SCV  
  15  0:40  SCV  
  16  0:43  Barracks  
  16  0:50  Refinery  
  16  0:52  SCV  
  17  1:07  SCV  
  18  1:19  SCV  
  19  1:33  Marine  
  20  1:44  Supply Depot  
  20  1:47  Command Center  
  20  1:51  Orbital Command  
  20  1:59  Marine  
  21  2:06  Refinery  
  21  2:19  SCV  
  22  2:32  SCV  
  22  2:33  Barracks Reactor  
  23  2:45  SCV, Factory  
  24  2:57  SCV  
  25  3:00  Orbital Command  
  25  3:09  SCV  
  26  3:14  Marine  
  26  3:15  Barracks, Marine  
  28  3:21  SCV  
  28  3:26  SCV  
  30  3:30  Factory Tech Lab  
  30  3:33  SCV  
  31  3:37  Starport  
  31  3:39  SCV  
  32  3:44  Marine x2  
  32  3:45  SCV  
  35  3:51  SCV, Siege Tank  
  39  3:57  SCV  
  40  4:03  SCV  
  40  4:06  Engineering Bay  
  40  4:09  Supply Depot, SCV  
  42  4:11  Engineering Bay  
  42  4:12  Supply Depot  
  42  4:14  Barracks Tech Lab  
  42  4:15  Starport Reactor  
  42  4:19  Marine x2  
  44  4:32  SCV  
  44  4:33  SCV  
  46  4:40  Marine, Marauder  
  46  4:41  Marine  
  46  4:45  SCV x2, Stimpack  
  52  4:53  Siege Tank  
  52  4:57  Terran Infantry Weapons Level 1, SCV x2  
  52  4:58  Terran Infantry Armor Level 1  
  57  5:03  Refinery  
  57  5:04  Refinery  
  57  5:09  SCV x2, Supply Depot  
  57  5:11  Supply Depot  
  57  5:13  Marine x2  
  61  5:31  Marauder  
  63  5:42  Command Center, Medivac x2  
  67  5:54  Marine x2  
  67  5:57  Marauder  
  71  6:08  Barracks  
  71  6:10  Barracks  
  71  6:13  SCV  
  71  6:14  SCV  
  73  6:26  SCV x2  
  73  6:29  Marine  
  73  6:30  Marine  
  77  6:39  Supply Depot  
  77  6:41  Supply Depot  
  77  6:43  Supply Depot  
  77  6:44  Supply Depot  
  77  6:51  SCV  
  77  6:53  SCV, Armory, Marauder, Medivac x2  
  85  7:08  Barracks Reactor x2  
  85  7:16  SCV x2  
  87  7:28  SCV  
  87  7:29  SCV  
  89  7:41  SCV x2  
  89  7:42  Barracks x2  
  91  7:47  Barracks  
  91  7:48  Barracks, Orbital Command  
  91  7:53  SCV x2  
  91  7:57  Marine x5  
  100  7:58  Marine, Marauder  
  100  8:00  Medivac x2  
  100  8:05  SCV x2  
  107  8:15  Terran Infantry Weapons Level 2, Marine x5  
  107  8:17  Marine  
  115  8:20  Marauder  
  115  8:30  Medivac x2  
  115  8:32  Marine  
  115  8:33  Marine x4  
  124  8:35  Marine  
  125  8:44  Command Center  
  125  8:45  Barracks Reactor x3  
  125  8:46  Barracks Tech Lab  
  125  8:59  Supply Depot  
  125  9:00  Supply Depot  
  125  9:01  Supply Depot  
  125  9:02  Supply Depot  
  125  9:15  Terran Infantry Armor Level 2  
  125  9:19  Refinery  
  125  9:20  Marine  
  125  9:21  SCV x3, Refinery, Marine  
  124  9:33  SCV x3  
  126  9:39  Marauder  
  119  9:54  Marine x5  
  119  9:55  Marauder, Marine  
  119  9:58  Marine x6  
  133  10:00  Marauder  
  135  10:12  Marine x5  
  131  10:17  Marauder  
  133  10:22  Marauder  
  133  10:23  Marine x3  
  138  10:32  Missile Turret  
  138  10:33  Missile Turret  
  138  10:36  Missile Turret  
  123  11:08  Marine x4  
  123  11:09  Marine x6  
  123  11:10  Marine x2  
  135  11:12  Marauder x2  
  139  11:34  Marauder x2  
  125  12:10  Marine  
  125  12:11  Marine x7  
  125  12:12  Marine x2  
  125  12:13  Marine  
Show
View Real Time Build Order
Export as new Build Order

pepe Protoss 

Build Orders: Nexus First 

Get SALT Encoding   

  12  0:01  Probe (Chrono Boost)  
  13  0:11  Probe (Chrono Boost)  
  14  0:18  Pylon  
  14  0:22  Probe (Chrono Boost)  
  15  0:36  Probe (Chrono Boost)  
  16  0:46  Probe (Chrono Boost)  
  17  1:01  Nexus  
  17  1:08  Probe (Chrono Boost)  
  18  1:18  Probe (Chrono Boost)  
  19  1:26  Gateway  
  19  1:30  Assimilator  
  19  1:36  Pylon  
  19  1:49  Probe (Chrono Boost)  
  20  2:00  Probe (Chrono Boost)  
  21  2:10  Probe (Chrono Boost)  
  21  2:14  Cybernetics Core  
  22  2:20  Probe (Chrono Boost)  
  22  2:21  Probe (Chrono Boost)  
  23  2:27  Assimilator  
  23  2:30  Probe (Chrono Boost)  
  23  2:31  Probe (Chrono Boost)  
  23  2:34  Gateway  
  23  2:35  Pylon  
  25  2:41  Probe (Chrono Boost)  
  25  2:42  Probe (Chrono Boost)  
  27  2:51  Probe (Chrono Boost)  
  28  3:02  Probe x2 (Chrono Boost)  
  28  3:04  Stalker  
  28  3:05  Warp Gate  
  32  3:12  Probe x2 (Chrono Boost), Assimilator  
  34  3:17  Assimilator  
  34  3:23  Probe x2 (Chrono Boost)  
  36  3:30  Stalker  
  36  3:34  Mothership Core (Chrono Boost), Probe (Chrono Boost), Adept  
  43  3:42  Gateway, Pylon  
  43  3:45  Probe (Chrono Boost)  
  44  3:48  Pylon  
  44  3:52  Probe (Chrono Boost)  
  46  3:55  Probe (Chrono Boost)  
  46  4:11  Adept x2  
  46  4:16  Stargate  
  50  4:22  Robotics Facility  
  50  4:27  Pylon  
  50  4:30  Stalker  
  52  4:40  Pylon  
  52  4:48  Nexus  
  52  4:52  Probe (Chrono Boost)  
  53  4:57  Probe (Chrono Boost)  
  54  5:05  Void Ray  
  58  5:08  Probe (Chrono Boost)  
  58  5:10  Observer  
  60  5:19  Stalker x2, Probe (Chrono Boost)  
  65  5:29  Probe (Chrono Boost)  
  65  5:31  Warp Prism  
  66  5:38  Pylon  
  66  5:40  Probe (Chrono Boost), Pylon  
  68  5:43  Probe (Chrono Boost)  
  68  5:44  Stalker x2  
  68  5:47  Adept  
  74  5:50  Probe (Chrono Boost)  
  74  5:53  Probe (Chrono Boost)  
  74  5:56  Void Ray  
  80  6:07  Observer  
  81  6:19  Probe x3 (Chrono Boost)  
  81  6:21  Assimilator  
  84  6:26  Pylon  
  84  6:28  Immortal  
  84  6:30  Probe x2 (Chrono Boost)  
  90  6:33  Stalker x3  
  95  6:49  Gateway  
  95  6:51  Gateway  
  95  6:52  Gateway  
  95  6:55  Gateway  
  95  7:02  Adept x2  
  95  7:03  Adept  
  101  7:12  Immortal, Void Ray (Chrono Boost)  
  109  7:22  Pylon  
  109  7:23  Probe x3 (Chrono Boost)  
  109  7:26  Assimilator  
  112  7:34  Probe x3 (Chrono Boost)  
  115  7:43  Stalker x3  
  121  7:46  Immortal  
  121  7:55  Sentry x2, Void Ray (Chrono Boost)  
  133  8:02  Pylon  
  133  8:04  Pylon  
  133  8:07  Pylon  
  133  8:08  Pylon  
  133  8:20  Immortal  
  137  8:27  Twilight Council  
  137  8:31  Probe, Pylon  
  137  8:33  Probe x2, Void Ray (Chrono Boost)  
  144  8:44  Nexus  
  144  8:45  Probe  
  145  8:59  Pylon  
  145  9:17  Adept x4  
  147  9:18  Adept  
  155  9:25  Immortal  
  155  9:31  Void Ray (Chrono Boost)  
  163  9:38  Adept x4  
  165  9:39  Adept x2  
  165  10:03  Sentry x3  
  165  10:04  Sentry x3  
  171  10:21  Probe  
  171  10:22  Probe  
  171  10:23  Probe  
  166  10:30  Stalker  
  166  10:31  Stalker x5  
  166  10:32  Stalker  
  166  10:35  Probe x2  
  147  10:59  Zealot x4  
  147  11:00  Zealot x2  
  145  11:09  Zealot x3  
  145  11:10  Zealot x4  
  143  11:46  Zealot x3  
  143  11:47  Zealot x4  
  53  12:07  Adept x6  
  54  12:08  Adept  
Tags
 
Add a new tag
Caveats
  • Supply blocks, unpowered buildings, or Contaminate may cause inaccurate times.
  • Supply counts are checked every 10 seconds.